 Dungeon Crawl Stone Soup version 0.32-a0-871-ge202e49 (webtiles) character file.

Game seed: 5012427452086201287

94681 ray2 the Marksdemigod (level 15, -3/135 HPs)
             Began as a Demigod Hunter on Mar 29, 2024.
             Slain by a vault guard
             ... wielding a +3 long sword
              (18 damage)
             ... on level 13 of the Dungeon.
             The game lasted 00:18:12 (16821 turns).

ray2 the Marksdemigod (Demigod Hunter)             Turns: 16821, Time: 00:18:12

Health: -3/135     AC: 13    Str: 16    XL:     15   Next: 21%
Magic:  20/20      EV: 28    Int: 10    God:
Gold:   2595       SH:  0    Dex: 36    Spells: 7/14 levels left

rFire   . . .        C - +2 longbow (heavy)
rCold   . . .        (shield currently unavailable)
rNeg    . . .        f - +3 troll leather armour {Pargi}
rPois   .            c - +2 helmet {SInv}
rElec   +            Q - +1 cloak
rCorr   .            G - +0 pair of gloves
SInv    +            (no boots)
Will    +....        (no amulet)
Stlth   ++++         t - +4 ring of slaying
HPRegen 1.22/turn    o - +4 ring of slaying
MPRegen 0.17/turn

%: no passive effects
@: about to teleport
A: high MP 2, forlorn, divine attributes, electricity resistance, strong 1
a: no special abilities


You were on level 13 of the Dungeon.
You visited 3 branches of the dungeon, and saw 20 of its levels.
You also visited: Sewer, Ossuary and Bailey.

You collected 3386 gold pieces.
You spent 791 gold pieces at shops.

Inventory:

Hand Weapons
 C - a +2 heavy longbow (weapon)
Missiles
 y - a curare-tipped dart
 R - a throwing net
Armour
 c - a +2 helmet of see invisible (worn)
 f - a +3 troll leather armour (worn) {Pargi}
 i - the +0 helmet of Qazlal's Generosity {rC+ Int+2}
   (You bought it in a shop on level 2 of the Orcish Mines)

   Int+2:     It affects your intelligence (+2).
   rC+:       It protects you from cold.
 B - the +0 leather armour of Broken Taboos {rCorr Int+6}
   (You found it on level 7 of the Dungeon)

   Int+6:     It affects your intelligence (+6).
   rCorr:     It protects you from acid and corrosion.
 G - a +0 pair of gloves (worn)
 M - +0 ice dragon scales
 Q - a +1 cloak (worn)
Jewellery
 g - a +6 ring of dexterity
 o - a +4 ring of slaying (right hand)
 t - a +4 ring of slaying (left hand)
 w - a ring of positive energy
 D - a ring of protection from fire
 K - the ring "Vongah" {Ice Will+ rCorr}
   (You found it on level 11 of the Dungeon)

   [ring of ice]

   Ice:       It enhances your ice magic.
   rF-:       It makes you vulnerable to fire.
   rC+:       It protects you from cold.
   Will+:     It increases your willpower.
   rCorr:     It protects you from acid and corrosion.
Talismans
 b - a talisman of death
Wands
 p - a wand of paralysis (11)
 q - a wand of mindburst (22)
 s - a wand of digging (5)
 A - a wand of flame (34)
 E - a wand of light (7)
 N - a wand of iceblast (7)
Scrolls
 a - 2 scrolls of fog
 l - 6 scrolls of teleportation
 r - a scroll of identify
 v - 3 scrolls of blinking
 H - 2 scrolls of revelation
 I - 2 scrolls of immolation {!r!r}
 L - a scroll of vulnerability
 O - a scroll of poison
 P - a scroll of fear
 S - a scroll of butterflies
Potions
 d - 3 potions of magic
 e - 4 potions of enlightenment
 h - 7 potions of mutation
 j - 4 potions of heal wounds
 k - 10 potions of curing
 m - 2 potions of haste
 n - a potion of cancellation
 u - a potion of attraction
 x - 3 potions of ambrosia
 z - a potion of resistance
 F - 2 potions of invisibility
 J - a potion of lignification {!q!q}


   Skills:
 + Level 13.0 Fighting
 * Level 18.1 Ranged Weapons
 - Level 4.0 Armour
 + Level 12.9 Dodging
 + Level 5.8 Stealth


You had 7 spell levels left.
You knew the following spells:

 Your Spells              Type           Power      Damage    Failure   Level
a - Swiftness             Air            0%         N/A       80%         3
b - Passage of Golubria   Tloc           0%         N/A       99%         4

Your spell library contained the following spells:

 Spells                   Type           Power      Damage    Failure   Level
 Foxfire                  Conj/Fire      0%         2x1d4     41%         1
 Shock                    Conj/Air       0%         1d3       41%         1
 Airstrike                Air            0%         2d(0-16)  99%         4
 Brom's Barrelling Bould  Conj/Erth      0%         2d3       99%         4
 Summon Lightning Spire   Summ/Air       0%         N/A       99%         4
 Vhi's Electric Charge    Tloc/Air       0%         N/A       99%         4
 Arcjolt                  Conj/Air       0%         1d10      100%        5
 Fireball                 Conj/Fire      0%         3d3       100%        5
 Iskenderun's Battlesphe  Conj           0%         2d6       100%        5
 Silence                  Hex/Air        0%         N/A       100%        5
 Conjure Ball Lightning   Conj/Air       0%         3x3d6     100%        6
 Plasma Beam              Fire/Air       0%         2x1d10    100%        6
 Sculpt Simulacrum        Ice/Alch       0%         N/A       100%        6
 Starburst                Conj/Fire      0%         6d3       100%        6
 Orb of Destruction       Conj           0%         9d5       100%        7
 Lehudib's Crystal Spear  Conj/Erth      0%         10d2      100%        8
 Chain Lightning          Conj/Air       0%         N/A       100%        9
 Fire Storm               Conj/Fire      0%         5d1       100%        9
 Shatter                  Erth           0%         3d5*      100%        9


Dungeon Overview and Level Annotations

Branches:
Dungeon (13/15)            Temple (0/1) D:4            Lair (5/5) D:10
 Shoals (0/4) Lair:2       Spider (0/4) Lair:2        Slime (0/5) Lair:4
    Orc (2/2) D:12            Elf (0/3) Orc:2        Vaults (0/5) D:13
  Sewer (visited)         Ossuary (visited)          Bailey (visited)

Shops:
D:5 :   D:7 (   Orc:1 *   Orc:2 ((:*

Portals:
Trove: D:11 (give +7 demon trident)

Annotations:
Orc:2 2 transporters, ImOTab's ghost, journeyman FoMo


Innate Abilities, Weirdness & Mutations

You have a considerably increased reservoir of magic. (+20% MP)
You shall have no god before yourself.
Your divine heritage dramatically boosts your attributes as you level up.
You are resistant to electric shocks. (rElec)
Your muscles are strong. (Str +4, Int/Dex -1)


Message History

The centaur warrior kicks you.
The vault guard hits you with a +3 long sword!
The vault guard hits you with a +0 war axe!
The centaur warrior hits you!
The centaur warrior kicks you but does no damage.
The centaur warrior hits you but does no damage.
The centaur warrior kicks you but does no damage.
The vault guard hits you with a +3 long sword!
The vault guard hits you with a +0 war axe!
The centaur warrior hits you. The centaur warrior kicks you.
The vault guard hits you with a +3 long sword.
The vault guard hits you with a +0 war axe!
The centaur warrior completely misses you.
The centaur warrior kicks you but does no damage.
The centaur warrior completely misses you.
The centaur warrior kicks you but does no damage.
The vault guard hits you with a +3 long sword.
The vault guard barely misses you.
You turn to flesh and can move again.
As you read the scroll of teleportation, it crumbles to dust.
You feel strangely unstable. The centaur warrior closely misses you.
The centaur warrior kicks you but does no damage.
The vault guard hits you with a +3 long sword!
The vault guard hits you with a +0 war axe.
The centaur warrior hits you!
* * * LOW HITPOINT WARNING * * *
The centaur warrior misses you.
The vault guard hits you with a +3 long sword!
* * * LOW HITPOINT WARNING * * *
The centaur warrior misses you.
The centaur warrior kicks you but does no damage.
The vault guard attacks as it pursues you!
The vault guard hits you but does no damage.
The centaur warrior wields a +0 orcbow.
The centaur warrior shoots an arrow.
The arrow hits you but does no damage.
The vault guard attacks as it pursues you!
The vault guard hits you with a +0 war axe!
* * * LOW HITPOINT WARNING * * *
The vault guard hits you with a +3 long sword!!
You die...

.........###########.#
......................
......................
.....................#
.##......##########.#
##.....# #.# ##....# #.# #
##....# #.# ...
##@....##########.# #...#
##pp................
...$..#pc....)............
..∩..c'p...#...###########
.$...l#...................
#...#.##..................
... . ##..#.#############
## # ##.#.# #.#.#


You could see 4 vault guards, 2 centaur warriors and a basilisk.

Vanquished Creatures
  Gastronok (D:9)
  An orc warlord (Orc:2)
  2 ettins
  2 hydras (Lair:5)
  An ice dragon (D:12)
  Erica (D:8)
  Erolcha (D:9)
  5 ogre magi
  A catoblepas (Lair:5)
  2 centaur warriors
  A death knight (D:12)
  4 boulder beetles
  4 death yaks (Lair:3)
  20 two-headed ogres
  An orc high priest (Orc:2)
  2 tengu warriors
  A deep elf knight (D:13)
  3 skeletal warriors (D:12)
  2 orc knights
  2 deep elf pyromancers (D:13)
  Pikel (D:8)
  An obsidian bat (Orc:1)
  2 oklob plants
  A lindwurm (Lair:5)
  8 cyclopes
  3 orc sorcerers
  2 manticores
  13 elephants
  6 black mambas
  10 cane toads
  2 kobold blastminers (Orc:2)
  A torpor snail (Lair:5)
  2 gargoyles (D:11)
  Jeremiah (D:8)
  A yaktaur (D:13)
  3 kobold demonologists
  An unseen horror (D:12)
  5 rime drakes
  3 merfolk (Lair:2)
  7 komodo dragons
  3 polar bears
  4 trolls
  A queen bee (shapeshifter) (D:12)
  Prince Ribbit (D:5)
  15 blink frogs
  5 hornets
  8 dream sheep (Lair:5)
  8 slime creatures
  A vampire (D:8)
  11 spriggans (Lair:5)
  Sigmund (D:4)
  A culicivora (Lair:2)
  A shadow (D:12)
  3 jumping spiders (Lair:2)
  4 wyverns
  3 wraiths
  A human (shapeshifter) (D:8)
  6 basilisks
  A basilisk (shapeshifter) (D:12)
  2 wargs
  35 yaks
  3 redbacks (Lair:2)
  4 steam dragons
  4 vampire mosquitoes
  2 acid dragons
  19 water moccasins
  Duvessa (D:5)
  9 black bears
  35 orc warriors
  2 sky beasts
  Pargi (Sewer)
  An ice beast (D:4)
  3 laughing skulls (D:13)
  22 ogres
  4 boggarts (Lair:5)
  11 centaurs
  37 wolves
  A weeping skull (Ossuary)
  A brain worm (Sewer)
  14 bullfrogs
  5 kobold brigands
  4 scorpions
  8 water moccasin zombies (Ossuary)
  5 wights
  Dowan (D:5)
  5 killer bees
  7 electric eels
  5 howler monkeys
  A bombardier beetle (D:3)
  13 orc priests
  A jelly (D:6)
  A spectral scorpion (Ossuary)
  5 hounds
  2 gnoll boudas
  A sleepcap (D:6)
  Jessica (D:2)
  6 iguanas
  14 orc wizards
  5 hell rats (Lair:3)
  2 crocodile zombies (Ossuary)
  2 mummies (Ossuary)
  11 gnolls
  10 adders
  3 white imps
  2 ufetubi (D:5)
  2 adder zombies (Ossuary)
  5 dart slugs
  4 ribbon worms
  78 orcs
  12 ball pythons
  13 bats
  2 endoplasms (D:1)
  5 giant cockroaches
  21 goblins
  9 hobgoblins
  6 jackals
  29 kobolds
  3 quokkas
  8 frilled lizards
  9 gnoll zombies (Ossuary)
  4 jackal zombies (Ossuary)
  2 orc zombies (Ossuary)
  6 rats
757 creatures vanquished.

Notes
Turn   | Place    | Note
-------+----------+-------------------------------------------
     0 | D:1      | ray2 the Demigod Hunter began the quest for the Orb.
     0 | D:1      | Reached XP level 1. HP: 17/17 MP: 3/3
   182 | D:1      | Reached XP level 2. HP: 22/24 MP: 4/4
   336 | D:1      | Reached skill level 4 in Ranged Weapons
   745 | D:2      | Noticed Jessica
   753 | D:2      | Killed Jessica
   754 | D:2      | Reached XP level 3. HP: 23/30 MP: 5/5
   965 | D:2      | Reached XP level 4. HP: 34/37 MP: 6/6
  2274 | D:3      | Reached skill level 5 in Ranged Weapons
  2274 | D:3      | Reached XP level 5. HP: 27/44 MP: 7/7
  2665 | D:4      | Found a glowing drain.
  2708 | Sewer    | Entered a sewer
  2754 | Sewer    | Noticed Pargi
  2758 | Sewer    | Gained mutation: You are resistant to electric shocks.
                  | (rElec) [potion of mutation]
  2758 | Sewer    | Gained mutation: Your natural rate of healing is unusually
                  | fast. [potion of mutation]
  2758 | Sewer    | Lost mutation: Your natural rate of healing is unusually
                  | fast. [potion of mutation]
  2758 | Sewer    | Gained mutation: You have hidden genetic potential. [potion
                  | of mutation]
  2773 | Sewer    | Killed Pargi
  2774 | Sewer    | Reached XP level 6. HP: 33/51 MP: 8/8
  2946 | D:4      | Found a staircase to the Ecumenical Temple.
  2995 | D:4      | Gained mutation: Your muscles are strong. (Str +4, Int/Dex
                  | -1) [hidden potential]
  3052 | D:4      | Reached skill level 6 in Ranged Weapons
  3052 | D:4      | Reached skill level 1 in Armour
  3101 | D:4      | Noticed Sigmund
  3111 | D:4      | Killed Sigmund
  3112 | D:4      | Reached XP level 7. HP: 35/58 MP: 9/9
  3157 | D:4      | Identified the +0 robe of the Storm King {Str+6}
  3215 | D:4      | Gained mutation: You have a considerably increased
                  | reservoir of magic. (+20% MP) [hidden potential]
  3215 | D:4      | Lost mutation: You have hidden genetic potential. [hidden
                  | potential expressed]
  3406 | D:5      | Entered Level 5 of the Dungeon
  3434 | D:5      | Found Huocumo's Book Emporium.
  3444 | D:5      | Identified the +8 long sword "Difuih Zivvi" {vamp, +Blink
                  | rC+ Int+4 Dex+3}
  3497 | D:5      | Noticed Prince Ribbit
  3513 | D:5      | Killed Prince Ribbit
  3514 | D:5      | Reached skill level 7 in Ranged Weapons
  3514 | D:5      | Reached XP level 8. HP: 67/67 MP: 11/11
  3551 | D:5      | Noticed Duvessa
  3554 | D:5      | Noticed Dowan
  3558 | D:5      | Killed Duvessa
  3565 | D:5      | Killed Dowan
  4004 | D:6      | Reached skill level 5 in Dodging
  4045 | D:6      | Reached skill level 5 in Fighting
  4080 | D:6      | Reached skill level 8 in Ranged Weapons
  4087 | D:6      | Found a sand-covered staircase.
  4093 | Ossuary  | Entered an ossuary
  4185 | Ossuary  | Reached XP level 9. HP: 74/74 MP: 12/12
  4681 | D:7      | Reached skill level 9 in Ranged Weapons
  4729 | D:7      | Identified the +0 leather armour of Broken Taboos {rCorr
                  | Int+6}
  5005 | D:7      | Found Icogygiu's Firing Range.
  5010 | D:7      | Bought a +2 heavy longbow for 284 gold pieces
  5259 | D:8      | Reached skill level 10 in Ranged Weapons
  5280 | D:8      | Noticed Erica
  5292 | D:8      | Killed Erica
  5293 | D:8      | Reached XP level 10. HP: 24/84 MP: 14/14
  5429 | D:8      | Noticed Jeremiah
  5441 | D:8      | Killed Jeremiah
  5514 | D:8      | Noticed a manticore
  5523 | D:8      | Killed a manticore
  5548 | D:8      | Reached skill level 11 in Ranged Weapons
  5696 | D:8      | Noticed a two-headed ogre
  5699 | D:8      | Killed a two-headed ogre
  6000 | D:9      | Noticed a two-headed ogre
  6032 | D:9      | Noticed Gastronok
  6032 | D:9      | Noticed Pikel
  6036 | D:8      | Killed Pikel
  6054 | D:9      | Killed Gastronok
  6055 | D:9      | Reached XP level 11. HP: 94/94 MP: 15/15
  6130 | D:9      | Reached skill level 12 in Ranged Weapons
  6573 | D:9      | Noticed Erolcha
  6577 | D:9      | Killed Erolcha
  6822 | D:9      | Killed a two-headed ogre
  6827 | D:10     | Entered Level 10 of the Dungeon
  6830 | D:10     | Noticed a two-headed ogre
  6839 | D:10     | Killed a two-headed ogre
  6859 | D:10     | Found a flagged portal.
  6892 | Bailey   | Entered a bailey
  6968 | Bailey   | Reached skill level 13 in Ranged Weapons
  7097 | Bailey   | Got the Parchment of the Floating Solution
  7247 | Bailey   | Acquired 879 gold pieces
  7530 | D:10     | Noticed an angel
  7578 | D:10     | You fall into a shaft and drop 2 floors!
  7597 | D:12     | Noticed a skeletal warrior
  7599 | D:12     | Killed a skeletal warrior
  7602 | D:12     | Noticed a skeletal warrior
  7608 | D:12     | Noticed a skeletal warrior
  7615 | D:12     | Killed a skeletal warrior
  7616 | D:12     | Reached XP level 12. HP: 57/105 MP: 16/16
  7695 | D:12     | Noticed an ettin
  7696 | D:12     | Noticed an ice dragon
  7703 | D:12     | Noticed a boulder beetle
  7705 | D:12     | Killed an ice dragon
  7706 | D:12     | Killed an ettin
  7709 | D:12     | Noticed an ogre mage
  7921 | D:12     | Reached skill level 14 in Ranged Weapons
  8001 | D:10     | Found a staircase to the Lair.
  8442 | D:11     | Reached skill level 10 in Dodging
  8465 | D:11     | Reached skill level 10 in Fighting
  8480 | D:11     | Identified the ring "Vongah" {Ice Will+ rCorr}
  8763 | D:11     | Found a portal to a secret trove of treasure.
  9084 | D:12     | Noticed a death knight
  9127 | D:12     | Killed an ogre mage
  9366 | D:12     | Killed a boulder beetle
  9404 | D:12     | Found a staircase to the Orcish Mines.
  9477 | D:12     | Noticed a centaur warrior
  9481 | D:12     | Killed a centaur warrior
  9933 | D:12     | Found a staircase to the Orcish Mines.
 10051 | D:12     | Killed a death knight
 10426 | Orc:1    | Entered Level 1 of the Orcish Mines
 10445 | Orc:1    | Found Nioq Qis's Assorted Antiques.
 10451 | Orc:1    | Bought a diamond ring for 145 gold pieces
 10451 | Orc:1    | Bought a scroll labelled SANU GUUNAOMNUVE for 29 gold
                  | pieces
 10500 | Orc:1    | Reached skill level 15 in Ranged Weapons
 10500 | Orc:1    | Reached XP level 13. HP: 114/114 MP: 17/17
 10699 | Orc:2    | Entered Level 2 of the Orcish Mines
 10872 | Orc:2    | Found a transporter.
 10929 | Orc:2    | Noticed an orc warlord
 10950 | Orc:2    | Noticed a stone giant
 10951 | Orc:2    | Noticed ImOTab's ghost (journeyman FoMo)
 11171 | Orc:2    | Killed an orc warlord
 11292 | Orc:2    | Found a transporter.
 11423 | Orc:2    | Reached skill level 16 in Ranged Weapons
 11433 | Orc:2    | Found Omunaf's Antique Weapon Emporium.
 11433 | Orc:2    | Found Bahiebaq's Assorted Antiques.
 11433 | Orc:2    | Found Nonekuimi's Antique Weapon Boutique.
 11433 | Orc:2    | Found Dugal's Book Emporium.
 11444 | Orc:2    | Bought a masterwork helmet for 218 gold pieces
 11444 | Orc:2    | Identified the +0 helmet of Qazlal's Generosity {rC+ Int+2}
                  | (You bought it in a shop on level 2 of the Orcish Mines)
 11444 | Orc:2    | Bought a brass ring for 115 gold pieces
 11447 | Orc:2    | Found a staircase to the Elven Halls.
 11857 | Lair:1   | Entered Level 1 of the Lair of Beasts
 12689 | Lair:2   | Reached XP level 14. HP: 125/125 MP: 18/18
 12883 | Lair:2   | Reached skill level 1 in Stealth
 12969 | Lair:2   | Found a hole to the Spider Nest.
 13074 | Lair:2   | Found a staircase to the Shoals.
 13614 | Lair:3   | Reached skill level 17 in Ranged Weapons
 14371 | Lair:4   | Found a staircase to the Slime Pits.
 14421 | Lair:4   | Learned a level 3 spell: Swiftness
 14426 | Lair:4   | Learned a level 4 spell: Passage of Golubria
 14817 | Lair:5   | Entered Level 5 of the Lair of Beasts
 15509 | Lair:5   | Reached skill level 5 in Stealth
 15557 | Lair:5   | Reached XP level 15. HP: 134/134 MP: 20/20
 16158 | D:13     | Paralysed by a hornet for 1 turns
 16432 | D:13     | Reached skill level 18 in Ranged Weapons
 16806 | D:13     | Found a gate to the Vaults.
 16821 | D:13     | Slain by a vault guard

Illustrated notes

Levels and vault maps discovered:
D:1:      dpeg_arrival_round_b, layout_loops_ring
D:2:      layout_loops_cross, chequers_ecumenical_altar_simple,
          nicolae_concentric_dashed_squares_wild, uniq_jessica
D:3:      layout_loops_corners, mainiacjoe_overflow_small_starburst,
          mainiacjoe_overflow_alcove_4, nicolae_ru_path_of_blood,
          gammafunk_temple_overflow_forgotten, serial_park_tiny_2,
          minmay_misc_feat_more_columns
D:4:      layout_cave_pools, minmay_temple_entry_stoned_glass,
          portal_sewer_entry_a, uniq_sigmund
D:5:      layout_basic, amcnicky_altar_gilded, nicolae_stop_n_shop_1,
          uniq_duvessa, uniq_prince_ribbit1
D:6:      layout_rooms, nicolae_overflow_hidden_temple,
          lightli_ossuary_entry_decrepit_ruins,
          nicolae_concentric_dashed_squares_mild, dk_vineyard_2
D:7:      layout_basic, nicolae_shop_firing_range
D:8:      minmay_blocky_corners, layout_loops_ring,
          nicolae_uskayaw_dance_studio, uniq_jeremiah, uniq_erica
D:9:      layout_roguey, kennysheep_slug_shrine, old_standard_altar,
          nemelex_diamond_rough_becter, chequers_serial_rivers_micro_e,
          hangedman_minor_gate_pass, uniq_erolcha, uniq_gastronok, uniq_pikel
D:10:     layout_basic, grunt_temple_overflow_order_and_chaos_1,
          nicolae_overflow_crystal_walls, erik_lair_island, enter_bailey_5
D:11:     layout_roguey, nicolae_trove_entry_crystal, special_room
          [special_room_orc]
D:12:     minmay_bad_star, layout_basic, orc_0_dummy
D:13:     layout_long_grid, lightli_vaults_fourway_checkpoint, minivault_28
Lair:1:   layout_regular_city, chequers_serial_rivers_room_a
Lair:2:   layout_big_grid, mainiacjoe_shoals_entry_four_pools,
          nicolae_spider_entry_tight_spaces, serial_bayou_shore_b
Lair:3:   layout_regular_city, infiniplex_staircase_pool
Lair:4:   layout_long_grid, slime_entry_1, infiniplex_staircase_pool_2,
          grunt_megastairs_3
Lair:5:   minmay_lair_end_enchanted_forest, layout_small_grid
Orc:1:    layout_diamond_mine, serial_shops, shop
Orc:2:    st_orc_ogre_mass, layout_caves, gammafunk_ghost_wrathful_warriors,
          kennysheep_orc_chapel

Skill      XL: |  1  2  3  4  5  6  7  8  9 10 11 12 13 14 15 |
---------------+----------------------------------------------+-----
Fighting       | 2 3 4 5 6 8 9 10 11 12 13 | 13.0
Dodging        | 2 3 4 5 6 8 9 10 11 12 | 12.9
Ranged Weapons | 4 5 6 7 8 10 11 13 15 16 17 18 | 18.1
Armour         | 1 2 4 |  4.0
Stealth        | 5 |  5.8

Action                     |  1- 3 |  4- 6 |  7- 9 | 10-12 | 13-15 || total
---------------------------+-------+-------+-------+-------+-------++-------
   Fire: Shortbow          |    96 |   184 |   262 |       |       ||   542
         Longbow           |       |       |    32 |   456 |   657 ||  1145
         Orcbow            |       |       |    14 |       |       ||    14
  Throw: Dart              |       |       |       |     2 |     1 ||     3
  Evoke: Wand              |       |       |       |       |     1 ||     1
    Use: Scroll            |     5 |     2 |     7 |    14 |     6 ||    34
         Potion            |       |     6 |     4 |     6 |       ||    16
 Armour: Leather armour    |    19 |       |       |       |       ||    19
         Robe              |     5 |    40 |       |       |       ||    45
         Troll leather arm |       |     9 |    84 |   133 |   179 ||   405
         Skin              |       |       |    20 |    20 |       ||    40
  Dodge: Dodged            |    24 |    72 |   135 |   255 |   411 ||   897

Table legend: (Time is in decaauts)
 A = Elapsed time spent in this place.
 B = Non-inter-level travel time spent in this place.
 C = Inter-level travel time spent in this place.
 D = Time resting spent in this place.
 E = Time spent auto-exploring this place.
 F = Levels seen in this place.
 G = Mean time per level.
                   A        B        C        D        E       F      G
               +--------+--------+--------+--------+--------+-----+--------+
         Total |  17594 |  16647 |    947 |   1147 |  12037 |  23 |  765.0 |
       Dungeon |  10838 |  10171 |    667 |    850 |   7325 |  13 |  833.7 |
          Lair |   4370 |   4166 |    204 |     38 |   3388 |   5 |  874.0 |
  Orcish Mines |   1445 |   1370 |     75 |    243 |    769 |   2 |  722.5 |
         Sewer |    207 |    207 |      0 |      0 |    108 |   1 |  207.0 |
       Ossuary |    203 |    203 |      0 |      0 |     80 |   1 |  203.0 |
        Bailey |    528 |    528 |      0 |     16 |    366 |   1 |  528.0 |
               +--------+--------+--------+--------+--------+-----+--------+

Top non-repeatable levels by time:
    D:12: 1986 daAuts
  Lair:5: 1220 daAuts
     D:3: 1176 daAuts
   Orc:2: 1157 daAuts
     D:8: 1089 daAuts
  Lair:2: 905 daAuts
     D:9: 850 daAuts
  Lair:1: 815 daAuts
    D:10: 790 daAuts
    D:11: 763 daAuts
     D:2: 762 daAuts
     D:1: 761 daAuts
  Lair:3: 730 daAuts
  Lair:4: 698 daAuts
     D:5: 621 daAuts
